 Dungeon Sprint DCSS version 0.32-a0-918-g0f22ef8d61 (webtiles) character file.

Game seed: 2739566412676910094

23785 BigDaddyOpFi the Fighter (level 13, -16/114 HPs)
             Began as a Coglin Fighter on Apr 10, 2024.
             Was the Champion of Qazlal.
             Demolished by a war gargoyle
             ... wielding a +0 great mace of venom
              (19 damage)
             ... in the Dungeon (Sprint V: "Ziggurat Sprint") on Apr 11, 2024.
             The game lasted 00:06:42 (2520 turns).

BigDaddyOpFi the Fighter (Coglin Fighter)           Turns: 2520, Time: 00:06:42

Health: -16/114    AC: 38    Str: 21    XL:     13   Next: 8%
Magic:  3/30       EV:  6    Int: 10    God:    Qazlal [******]
Gold:   0          SH:  8    Dex: 14    Spells: 12/12 levels left

rFire   . . .        c - +6 shillelagh "Devastator" {shatter}
rCold   . . .        b - +16 obsidian axe {drain, demonic, Mesm ^Drain Fly SInv}
rNeg    . . .        v - +15 Maxwell's patent armour {-Cast -Tele rElec Will+ rCorr}
rPois   .            z - +1 helmet "Kudagie" {Harm MP+9 Int+2}
rElec   +            (no cloak)
rCorr   +            (no gloves)
SInv    +            x - +0 pair of boots {Fly}
Will    +....        (amulet unavailable) Stlth
                     (ring unavailable)
HPRegen 0.39/turn    (ring unavailable)
MPRegen 0.22/turn    (no gizmo)

%: no teleportation, no spellcasting, harm (+30% outgoing, +20% incoming), repel
missiles
@: lethally poisoned (-16 -> -45), protected from physical damage, flying,
mesmerised, studying Spellcasting, revving
A: off-hand wielding, slow wielding, warmup strikes, no jewellery
a: Invent Gizmo, Renounce Religion, Upheaval, Elemental Force, Disaster Area


You were in the Dungeon.
You worshipped Qazlal.
Qazlal was exalted by your worship.
You visited 1 branch

Inventory:

Hand Weapons
 b - the +16 obsidian axe (offhand) {drain, demonic, Mesm ^Drain Fly SInv}
   (You found it in the Dungeon)

   Mesm:      Its wielder is mesmerised by any visible foes, and it cannot be
   unequipped while any foes are visible.
   SInv:      It lets you see invisible.
   Fly:       It grants you flight.
   ^Drain:    It drains your maximum health when unequipped.
 c - the +6 shillelagh "Devastator" (weapon) {shatter}
   (You found it in the Dungeon)
Armour
 v - the +15 Maxwell's patent armour (worn) {-Cast -Tele rElec Will+ rCorr}
   (You found it in the Dungeon)

   rElec:     It insulates you from electricity.
   Will+:     It increases your willpower.
   -Cast:     It prevents spellcasting.
   -Tele:     It prevents most forms of teleportation.
   rCorr:     It protects you from acid and corrosion.
 w - the +18 shield of the Gong {Loud rN+ Will+ rCorr EV-5}
   (You found it in the Dungeon)

   Loud:      It is deafeningly noisy when blocking attacks.
   EV-5:      It affects your evasion (-5).
   rN+:       It protects you from negative energy.
   Will+:     It increases your willpower.
   rCorr:     It protects you from acid and corrosion.
 x - a +0 pair of boots of flying (worn)
 y - the +1 robe of Vines {NoPotionHeal Regen++++}
   (You found it in the Dungeon)

   NoPotionHeal: Its wearer cannot be healed by potions.
   Regen++++: It increases your rate of health regeneration.
 z - the +1 helmet "Kudagie" (worn) {Harm MP+9 Int+2}
   (You found it in the Dungeon)

   Int+2:     It affects your intelligence (+2).
   MP+9:      It affects your magic capacity (+9).
   Harm:      It increases damage dealt and taken.
Wands
 n - a wand of polymorph (13)
 s - a wand of mindburst (11)
 t - a wand of acid (12)
 u - a wand of paralysis (10)
 A - a wand of flame (25)
Scrolls
 j - 4 scrolls of blinking
 o - 4 scrolls of amnesia
 p - 7 scrolls of fog
 q - 5 scrolls of identify
 r - 2 scrolls of fear
Potions
 d - 6 potions of might
 e - 9 potions of curing
 f - a potion of heal wounds
 g - 6 potions of haste
 h - 7 potions of magic
 i - 3 potions of berserk rage
 k - 2 potions of brilliance
 l - 2 potions of invisibility
 m - 4 potions of resistance
Miscellaneous
 a - a phial of floods


   Skills:
 + Level 14.5 Fighting
 + Level 14.4(16.7) Axes
 + Level 13.1(15.4) Maces & Flails
 + Level 13.4 Armour
 + Level 11.1 Shields
 + Level 11.7 Invocations


You had 12 spell levels left.
You didn't know any spells.
Your spell library contained the following spells:

 Spells                   Type           Power      Damage    Failure   Level
 Cigotuvi's Dreadful Rot  Necr/Alch/Air  0%         N/A       100%        2
 Jinxbite                 Hex            0%         N/A       100%        2
 Call Canine Familiar     Summ           0%         N/A       100%        3
 Frozen Ramparts          Ice            0%         1d1       100%        3
 Fugue of the Fallen      Necr           0%         N/A       100%        3
 Inner Flame              Hex/Fire       0%         N/A       100%        3
 Ozocubu's Armour         Ice            0%         N/A       100%        3
 Sigil of Binding         Hex            0%         N/A       100%        3
 Tukima's Dance           Hex            0%         N/A       100%        3
 Anguish                  Hex/Necr       0%         N/A       100%        4
 Dimensional Bullseye     Hex/Tloc       0%         N/A       100%        4
 Dispel Undead            Necr           0%         3d6       100%        4
 Ignite Poison            Fire/Alch      0%         N/A       100%        4
 Martyr's Knell           Necr/Summ      0%         N/A       100%        4
 Passage of Golubria      Tloc           0%         N/A       100%        4
 Petrify                  Alch/Erth      0%         N/A       100%        4
 Sticky Flame             Fire/Alch      0%         2d4       100%        4
 Arcjolt                  Conj/Air       0%         1d10      100%        5
 Metabolic Englaciation   Hex/Ice        0%         N/A       100%        5
 Yara's Violent Unravell  Hex/Alch       0%         3d3       100%        5
 Permafrost Eruption      Ice/Erth       0%         2x4d1     100%        6
 Ignition                 Fire           0%         3d3       100%        8


Dungeon Overview and Level Annotations

Branches:
Dungeon (1/1)

Altars:
Ashenzari
Cheibriados
Dithmenos
Elyvilon
Fedhas
Gozag
Hepliaklqana
Kikubaaqudgha
Makhleb
Nemelex Xobeh
Okawaru
Qazlal
Ru
Sif Muna
Trog
Uskayaw
Vehumet
Wu Jian
Xom
Yredelemnul
Zin
The Shining One
Beogh
Jiyva
Lugonu

Annotations:
D 1 transporter


Innate Abilities, Weirdness & Mutations

You can wield a second weapon in your off-hand.
It takes a long time for you to wield or remove held weapons.
Your first few attacks do less damage.
You cannot equip rings or amulets.


Message History

The iron dragon breathes metal splinters at you.
The spray of metal splinters hits you but does no damage.
The war gargoyle hits you but does no damage.
You are more poisoned.
Unknown command.
You hit the ancient champion but do no damage.
The ancient champion is severely damaged.
You slice the ancient champion with the +16 obsidian axe!!
You destroy the ancient champion!
Qazlal accepts your kill.
You barely miss the iron dragon with the +16 obsidian axe.
You hit the iron dragon with the +16 obsidian axe.
You barely miss the war gargoyle with the +16 obsidian axe.
You hit the war gargoyle but do no damage.
You slash the ancient champion with the +16 obsidian axe!
Visions of slaying the iron dragon flood into your mind.
* * * LOW HITPOINT WARNING * * *
You feel extremely sick.
The ancient champion is engulfed in a thunderstorm.
The ancient champion barely misses you.
The war gargoyle hits you but does no damage.
The iron dragon bites you but does no damage.
The iron dragon claws you but does no damage.
The iron dragon tramples you but does no damage.
The war gargoyle launches metal splinters at you.
The spray of metal splinters hits you but does no damage.
Unknown command.
Okay, then.
Activating: Elemental Force (0% risk of failure)
Press: ? - help, Dir - look around, f - activate You see a puff of smoke.
Clouds arounds you coalesce and take form!
Visions of slaying the war gargoyle flood into your mind.
* * * LOW HITPOINT WARNING * * *
You feel extremely sick.
The ancient champion gestures at you while chanting.
The iron shot is repelled.
The iron shot hits the iron dragon!!!
The war gargoyle hits you but does no damage.
The war gargoyle hits you with a +0 great mace of venom!
You die...

▓▓▓▓▓▓▓▓▓▓▓▓
▓...ß©ß...▓...ß©ß...▓.
▓..==/[").▓....)=[..▓.
▓..|)//)..▓..).)||..▓.
▓.........▓.........▓.
▓.........▓..†÷.†...▓.
▓.≈.E..E..▓....÷†...▓.
▓..ED☼9E..▓....÷÷...▓.
▓...D@zE..▓...÷.....▓.
▓≈▓°9E..▓.▓.▓.....▓.▓.
▓.≈≈.EE...▓....©....▓▓
▓▓▓▓▓▓▓▓▓▓▓▓▓▓▓▓▓▓▓▓▓


You could see 2 iron dragons, an ancient champion (fast, ally target), 2 war
gargoyles, 3 friendly earth elementals, 3 friendly fire elementals and 2
friendly air elementals.

Vanquished Creatures
  A pandemonium lord (D)
  A caustic shrike (D)
  2 ancient champions (D)
  A quicksilver elemental (D)
  A very ugly thing (D)
  A deep elf demonologist (D)
  A bunyip (shapeshifter) (D)
  A purple draconian (D)
  2 dancing weapons (D)
  2 crystal echidnas (D)
  A deep elf knight (D)
  A thermic dynamo (D)
  6 ugly things (D)
  A deep elf pyromancer (D)
  A deep elf zephyrmancer (D)
  3 draconians (D)
  2 fauns (shapeshifter) (D)
  3 cyclopes (D)
  A torpor snail (shapeshifter) (D)
  A tarantella (D)
  4 merfolk (D)
  2 wind drakes (D)
  A raiju (shapeshifter) (D)
  A snapping turtle (shapeshifter) (D)
  A spriggan (D)
  A water elemental (D)
  A neqoxec (D)
  A black bear (D)
  An ice beast (shapeshifter) (D)
  3 centaurs (D)
  A tengu (shapeshifter) (D)
  2 wolves (D)
  A phantom (D)
  A scorpion (D)
  4 crimson imps (D)
  A quasit (D)
  2 shadow imps (D)
  3 ufetubi (D)
  An adder skeleton (D)
  A quokka zombie (D)
66 creatures vanquished.

Vanquished Creatures (collateral kills)
  A worldbinder (D)
  A merfolk (D)
  A ynoxinul (D)
3 creatures vanquished.

Vanquished Creatures (others)
  A shadow imp (D)
1 creature vanquished.

Grand Total: 70 creatures vanquished

Notes
Turn   | Place    | Note
-------+----------+-------------------------------------------
     0 | D        | BigDaddyOpFi the Coglin Fighter began the quest for the
                  | Orb.
     0 | D        | Reached XP level 1. HP: 18/18 MP: 1/1
     4 | D        | Found a shimmering blue altar of Sif Muna.
     4 | D        | Found a bloodstained altar of Trog.
     4 | D        | Found a sacrificial altar of Ru.
     4 | D        | Found a stormy altar of Qazlal.
     4 | D        | Found an iron altar of Okawaru.
     5 | D        | Found a sparkling altar of Nemelex Xobeh.
     5 | D        | Found a blossoming altar of Fedhas.
     5 | D        | Found the +6 Majin-Bo {spellvamp, MP+6 Int+6}
     5 | D        | Found the +27 heavy crossbow "Sniper" {heavy, Acc+∞ SInv}
     5 | D        | Found the +10 dark maul {heavy}
     5 | D        | Found the +15 Maxwell's patent armour {-Cast -Tele rElec
                  | Will+ rCorr}
     5 | D        | Found the +18 shield of the Gong {Loud rN+ Will+ rCorr
                  | EV-5}
     5 | D        | Found the +16 obsidian axe {drain, demonic, Mesm ^Drain Fly
                  | SInv}
     5 | D        | Found the +7 great mace "Firestarter" {flame, immolate,
                  | rFlCloud rF++}
     5 | D        | Found the +6 shillelagh "Devastator" {shatter}
     5 | D        | Found the +11 plutonium sword {^Contam Stlth-}
     5 | D        | Found the +8 lance "Wyrmbane" {slay drac, rPois rF+ rC+
                  | AC+3}
     5 | D        | Found the +9 sword of Zonguldrok {reap}
     5 | D        | Found the +13 scythe of Curses {drain, curses, ^Drain}
     5 | D        | Found the +9 sword of Power {lifebolt}
     5 | D        | Found the +7 mace of Variability {chaos, chaos arc}
     5 | D        | Found the +11 Singing Sword {sonic wave}
     5 | D        | Found the +8 storm bow {elec, penet}
     7 | D        | Found a transporter.
     7 | D        | Found an ancient bone altar of Kikubaaqudgha.
     7 | D        | Found a viscous altar of Jiyva.
     7 | D        | Found a corrupted altar of Lugonu.
     7 | D        | Found a hazy altar of Hepliaklqana.
     7 | D        | Found a burning altar of Makhleb.
     7 | D        | Found an opulent altar of Gozag.
   189 | D        | Became a worshipper of Qazlal Stormbringer
   206 | D        | Reached XP level 2. HP: 25/25 MP: 1/3
   387 | D        | Entered arena 2.
   387 | D        | Noticed a tarantella
   387 | D        | Noticed a scorpion
   387 | D        | Found a transporter.
   391 | D        | Killed a scorpion
   392 | D        | Reached XP level 3. HP: 24/32 MP: 3/5
   392 | D        | Reached XP level 4. HP: 29/38 MP: 3/6
   394 | D        | Killed a tarantella
   395 | D        | Reached skill level 5 in Axes
   395 | D        | Reached skill level 5 in Armour
   395 | D        | Reached XP level 5. HP: 23/46 MP: 3/8
   395 | D        | Reached XP level 6. HP: 26/52 MP: 3/9
   648 | D        | Entered arena 3.
   648 | D        | Found a transporter.
   650 | D        | Reached * piety under Qazlal
   653 | D        | Reached skill level 5 in Maces & Flails
   663 | D        | Entered arena 4.
   663 | D        | Noticed a purple draconian
   663 | D        | Noticed a draconian
   663 | D        | Noticed a draconian
   663 | D        | Noticed a draconian
   663 | D        | Found a transporter.
   671 | D        | Killed a draconian
   671 | D        | Reached ** piety under Qazlal
   671 | D        | Killed a draconian
   672 | D        | Reached skill level 5 in Shields
   672 | D        | Reached skill level 5 in Invocations
   672 | D        | Reached XP level 7. HP: 20/62 MP: 9/11
   672 | D        | Reached XP level 8. HP: 21/68 MP: 9/12
   674 | D        | Killed a draconian
   674 | D        | Killed a purple draconian
   674 | D        | Reached *** piety under Qazlal
   675 | D        | Reached XP level 9. HP: 40/76 MP: 9/14
   986 | D        | Entered arena 5.
   986 | D        | Found a transporter.
   991 | D        | Reached **** piety under Qazlal
   998 | D        | Entered arena 6.
   998 | D        | Noticed a brown ugly thing
   998 | D        | Noticed a green ugly thing
   998 | D        | Noticed a green ugly thing
   998 | D        | Found a transporter.
  1002 | D        | Killed a brown ugly thing
  1002 | D        | Killed a green ugly thing
  1003 | D        | Reached skill level 10 in Fighting
  1003 | D        | Reached XP level 10. HP: 82/85 MP: 15/15
  1004 | D        | Killed a brown ugly thing
  1004 | D        | Reached ***** piety under Qazlal
  1005 | D        | Reached skill level 10 in Axes
  1027 | D        | Entered arena 7.
  1027 | D        | Found the +1 robe of Vines {NoPotionHeal Regen++++}
  1027 | D        | Noticed a worldbinder
  1028 | D        | Found a transporter.
  1031 | D        | Noticed a wolf spider
  1038 | D        | Killed a worldbinder
  1283 | D        | Entered arena 8.
  1283 | D        | Noticed a cyclops
  1284 | D        | Found a transporter.
  1292 | D        | Reached ****** piety under Qazlal
  1294 | D        | Reached skill level 10 in Armour
  1295 | D        | Killed a cyclops
  1317 | D        | Entered arena 9.
  1317 | D        | Noticed a cyclops
  1317 | D        | Noticed a cyclops
  1319 | D        | Found a transporter.
  1325 | D        | Killed a cyclops
  1328 | D        | Reached skill level 10 in Maces & Flails
  1328 | D        | Reached XP level 11. HP: 56/93 MP: 9/17
  1332 | D        | Killed a cyclops
  1567 | D        | Got the Quarto of Mischance
  1571 | D        | Got the +1 helmet "Kudagie" {Harm MP+9 Int+2}
  1627 | D        | Entered arena 10.
  1627 | D        | Noticed a deep elf demonologist
  1627 | D        | Noticed a +1 long sword of flaming
  1627 | D        | Noticed a deep elf knight
  1627 | D        | Noticed a +4 short sword of venom
  1627 | D        | Noticed a deep elf zephyrmancer
  1627 | D        | Noticed a thermic dynamo
  1627 | D        | Noticed a deep elf pyromancer
  1629 | D        | Killed a thermic dynamo
  1629 | D        | Killed a deep elf pyromancer
  1629 | D        | Killed a +1 long sword of flaming
  1630 | D        | Killed a +4 short sword of venom
  1631 | D        | Found a transporter.
  1633 | D        | Killed a deep elf zephyrmancer
  1636 | D        | Killed a deep elf demonologist
  1640 | D        | Killed a deep elf knight
  1956 | D        | Entered arena 11.
  1956 | D        | Noticed Fintunee the pandemonium lord
  1957 | D        | Found a transporter.
  1964 | D        | Reached skill level 10 in Invocations
  1988 | D        | Killed Fintunee the pandemonium lord
  1989 | D        | Reached XP level 12. HP: 37/105 MP: 9/19
  1997 | D        | Got the Writings on Sizzling Oromancy
  2002 | D        | Got Sif Muna's Quarto of Flying Exhumation
  2276 | D        | Entered arena 12.
  2277 | D        | Noticed a green very ugly thing
  2278 | D        | Found a transporter.
  2278 | D        | a torpor snail changed into an entropy weaver
  2278 | D        | Noticed an entropy weaver (glowing shapeshifter)
  2280 | D        | an entropy weaver changed into a shock serpent
  2280 | D        | Noticed a shock serpent (glowing shapeshifter)
  2282 | D        | Reached skill level 10 in Shields
  2282 | D        | a shock serpent changed into a snapping turtle
  2283 | D        | a fire crab changed into a bunyip
  2283 | D        | Noticed a bunyip (glowing shapeshifter)
  2285 | D        | Killed a red very ugly thing
  2287 | D        | Killed a bunyip
  2289 | D        | a faun changed into an alligator
  2289 | D        | Noticed an alligator (glowing shapeshifter)
  2290 | D        | an alligator changed into a torpor snail
  2502 | D        | Entered arena 13.
  2502 | D        | Noticed a war gargoyle
  2502 | D        | Noticed an iron dragon
  2502 | D        | Noticed an ancient champion
  2502 | D        | Noticed a war gargoyle
  2502 | D        | Noticed an ancient champion
  2502 | D        | Noticed a caustic shrike
  2502 | D        | Noticed a quicksilver elemental
  2502 | D        | Noticed an iron dragon
  2502 | D        | Noticed a crystal echidna
  2503 | D        | Noticed a crystal echidna
  2503 | D        | Noticed an ancient champion
  2504 | D        | Found a transporter.
  2506 | D        | Killed a crystal echidna
  2506 | D        | Killed a crystal echidna
  2506 | D        | Killed a caustic shrike
  2507 | D        | Killed a quicksilver elemental
  2509 | D        | Killed an ancient champion
  2510 | D        | Reached XP level 13. HP: 50/114 MP: 13/21
  2515 | D        | HP: 2/114 [war gargoyle/+0 morningstar (15)]
  2519 | D        | Killed an ancient champion
  2520 | D        | HP: 3/114 [poisoned by a war gargoyle]
  2520 | D        | Demolished by a war gargoyle

Illustrated notes

Levels and vault maps discovered:
D:        sprint_v [room_start, room_1, room_2, room_3, room_4, room_5, room_6,
          room_7, room_8, room_9, room_10, room_11, room_12, room_13, room_14,
          room_15, room_16, room_17, room_18, room_19, room_20, room_21,
          room_22, room_23, room_24, room_25, room_26, room_27]

Skill      XL: |  1  2  3  4  5  6  7  8  9 10 11 12 |
---------------+-------------------------------------+-----
Fighting       | 4 6 8 9 10 11 13 14 | 14.5
Axes           | 3 4 5 7 8 9 11 12 14 | 14.4
Maces & Flails | 2 3 4 6 7 8 10 11 13 | 13.1
Armour         | 3 4 5 7 8 9 10 12 13 | 13.4
Shields        | 3 4 5 6 7 8 9 11 | 11.1
Invocations    | 2 4 5 6 7 8 10 11 | 11.7

Action                     |  1- 3 |  4- 6 |  7- 9 | 10-12 | 13-15 || total
---------------------------+-------+-------+-------+-------+-------++-------
  Melee: Shillelagh        |     2 |    10 |     8 |    55 |     3 ||    78
         Broad axe         |     1 |    11 |     8 |    58 |     3 ||    81
 Invoke: Disaster Area     |       |       |       |     5 |     1 ||     6
         Elemental Force   |       |       |       |     1 |     1 ||     2
    Use: Potion            |     2 |       |     1 |     2 |     6 ||    11
   Stab: Distracted        |       |     1 |       |       |       ||     1
 Armour: Plate armour      |     8 |    15 |    13 |   100 |    45 ||   181
  Dodge: Dodged            |     1 |     4 |     2 |    38 |     6 ||    51
         Repelled          |       |       |       |    11 |     4 ||    15
  Block: Other             |       |     3 |     1 |    34 |     4 ||    42

Table legend: (Time is in decaauts)
 A = Elapsed time spent in this place.
 B = Non-inter-level travel time spent in this place.
 C = Inter-level travel time spent in this place.
 D = Time resting spent in this place.
 E = Time spent auto-exploring this place.
 F = Levels seen in this place.
 G = Mean time per level.
                   A        B        C        D        E       F      G
               +--------+--------+--------+--------+--------+-----+--------+
         Total |   2508 |   2508 |      0 |   1968 |      0 |   1 | 2508.0 |
       Dungeon |   2508 |   2508 |      0 |   1968 |      0 |   1 | 2508.0 |
               +--------+--------+--------+--------+--------+-----+--------+

Top non-repeatable levels by time:
       D: 2508 daAuts
